General information
- name: TOA
- type: Custom game
- host: Tecnolife
- saver: VELOX_NEB
map: TwistedMeadows
- players: 6
- length: 14:14
- speed: Fast
- version: 1.21 W3XP
- replay type: Public
» download(51 KB)
Players
team 1 (winner)

»
erz (
red | 123 APM | 1758 actions | 14:14)
6 Demon Hunter
3 Mana Burn
2 Evasion
1 Metamorphosis
» actions
| Assign group hotkey | 448 | |
| Basic commands | 67 | |
| Build / train | 64 | |
| ESC pressed | 3 | |
| Enter build submenu | 14 | |
| Enter hero's abilities submenu | 6 | |
| Give item / drop item | 1 | |
| Right click | 605 | |
| Select / deselect | 202 | |
| Select group hotkey | 278 | |
| Use ability | 70 | |
1758 total
» units
| Wisp | 15 | |
| Archer | 9 | |
| Huntress | 1 | |
| Druid of the Claw | 9 | |
| Goblin Sapper | 1 | |
| Goblin Shredder | 7 | |
42 total
» upgrades
| Druid of the Claw Training | 2 | |
| Mark of the Claw | 1 | |
3 total
» buildings
| Altar of Elders | 1 | |
| Moon Well | 4 | |
| Ancient of War | 1 | |
| Hunter's Hall | 1 | |
| Tree of Ages | 3 | |
| Ancient Protector | 2 | |
| Ancient of Lore | 3 | |
| Tree of Eternity | 2 | |
| Ancient of Wonders | 1 | |
18 total
» build order
00:03 Altar of Elders
00:19 Moon Well
00:33 Ancient of War
01:44 Moon Well
02:20 Moon Well
03:36 Hunter's Hall
03:38 Moon Well
04:13 Tree of Ages
04:14 Tree of Ages
05:03 Ancient Protector
05:04 Ancient Protector
06:35 Ancient of Lore
06:38 Ancient of Lore
06:39 Tree of Eternity
07:01 Ancient of Wonders
07:38 Tree of Eternity
11:22 Ancient of Lore
» items
| Boots of Speed | 1 | |
| Orb of Venom | 1 | |
| Potion of Healing | 1 | |
3 total
team 2 (loser)
Sovereign- (
orange | 68 APM | 967 actions | 14:13)
4 Far Seer
2 Feral Spirit
2 Chain Lighting
2 Shadow Hunter
1 Hex
1 Healing Wave
» actions
| Basic commands | 88 | |
| Build / train | 53 | |
| Enter build submenu | 13 | |
| Enter hero's abilities submenu | 5 | |
| Give item / drop item | 1 | |
| Right click | 474 | |
| Select / deselect | 281 | |
| Use ability | 52 | |
967 total
» units
| Peon | 10 | |
| Grunt | 13 | |
| Raider | 4 | |
| Demolisher | 2 | |
| Troll Witch Doctor | 2 | |
31 total
» upgrades
| Berserker Strength | 1 | |
| Ensnare | 1 | |
| Witch Doctor Training | 1 | |
3 total
» buildings
| Altar of Storms | 1 | |
| Orc Burrow | 6 | |
| Barracks | 1 | |
| Stronghold | 3 | |
| Voodoo Lounge | 1 | |
| Beastiary | 1 | |
| War Mill | 1 | |
| Spirit Lodge | 1 | |
| Fortress | 1 | |
16 total
» build order
00:06 Altar of Storms
00:11 Orc Burrow
00:33 Barracks
01:28 Orc Burrow
02:53 Stronghold
02:53 Stronghold
03:30 Voodoo Lounge
03:58 Orc Burrow
06:22 Orc Burrow
06:26 Orc Burrow
06:28 Beastiary
06:43 War Mill
09:23 Spirit Lodge
09:33 Orc Burrow
10:18 Fortress
» items
| Scroll of Town Portal | 2 | |
| Healing Salve | 1 | |
| Potion of Healing | 1 | |
4 total
observersTecnolife,
Black_Irish,
Leah_Dizon,
VELOX_NEB Chat log
(00:12 / All) Sovereign-: gl hf
(00:14 / All) erz: glhf
(00:23 / Observers) VELOX_NEB: ah, manner
(00:34 / Observers) VELOX_NEB: it's nice to see sometimes, right black irish?
(00:42 / Observers) Black_Irish: off my tip much?
(00:52 / Observers) Black_Irish: is that a no?
(00:57 / Observers) Black_Irish: thought so
(01:00 / Observers) VELOX_NEB: not sure what that means
(01:06 / Observers) Black_Irish: wow nerd
(01:13 / Observers) VELOX_NEB: no, i'm a wc3 nerd
(01:16 / Observers) Black_Irish: if only u could ever get any ass u would understand
(01:41 / Observers) VELOX_NEB: why are you implying things about me that you have no idea about?
(01:47 / Observers) Black_Irish: at least u admit it
(01:50 / Observers) VELOX_NEB: now if you'd said
(01:53 / Observers) VELOX_NEB: get off my dick
(02:00 / Observers) VELOX_NEB: now then i'd have understood
(02:04 / Observers) Black_Irish: wow he gets it
(02:07 / Observers) Black_Irish: im shocked
(02:18 / Observers) VELOX_NEB: i got it from the beginning my friend
(02:21 / Observers) VELOX_NEB: from the beginning
(02:24 / Observers) VELOX_NEB: btw
(02:28 / Observers) Black_Irish: doubtful
(02:34 / All) Sovereign-: bah
(02:34 / Observers) VELOX_NEB: if you don't want to lose like that to orcs
(02:39 / Observers) VELOX_NEB: don't go for a fast tech
(02:53 / Observers) VELOX_NEB: it's actually much harder to deal with a 40 food mixed army
(02:56 / Observers) VELOX_NEB: just a tip
(02:58 / Observers) VELOX_NEB: for your tip
(03:10 / Observers) Black_Irish: that was the dumbest thing ive ever heard
(03:20 / Observers) Black_Irish: a tip for my tip
(03:20 / Observers) VELOX_NEB: no u
(03:22 / Observers) Tecnolife: what's with the fucking retarded going around?
(03:28 / Observers) VELOX_NEB: i sowwy
(03:35 / Observers) VELOX_NEB: so black irsh
(03:45 / Observers) VELOX_NEB: is your entire clan full of douchebags
(03:45 / Observers) Tecnolife: at least get some ice burns going
(03:52 / Observers) Tecnolife: see we're getting a little better
(03:57 / Observers) VELOX_NEB: or did they make an exception for you
(04:02 / Observers) Tecnolife: OUCH
(04:10 / Observers) Black_Irish: good one for a guy who beats it to wcraft
(04:14 / Observers) Tecnolife: what
(04:22 / Observers) VELOX_NEB: no i don't play night elf
(04:26 / Observers) Black_Irish: tell me this how old are u
(04:30 / Observers) VELOX_NEB: i like s&m actually
(04:34 / Observers) VELOX_NEB: 30
(04:37 / Observers) Tecnolife: i never knew that velox
(04:40 / Observers) Black_Irish: LMAO
(04:42 / Observers) Leah_Dizon: LOL
(04:43 / Observers) Tecnolife: come over some time
(04:43 / Observers) Black_Irish: u still play this game
(04:46 / Observers) VELOX_NEB: nice
(04:48 / Observers) Black_Irish: u WILL NEVER GET LAID
(04:54 / Observers) VELOX_NEB: i've just made a new friend
(05:01 / Observers) Black_Irish: lmao
(05:01 / Observers) VELOX_NEB: you might be right
(05:02 / Observers) Black_Irish: lmao
(05:10 / Observers) Black_Irish: u burn me HAHAHAHAHAHHAHAHAHHAHAHAA
(05:11 / Observers) VELOX_NEB: i may get hit by a car tomorrow, and never get laid again
(05:22 / Observers) Black_Irish: i dont even care that i lsot ur fuckin 30
(05:23 / Observers) Black_Irish: omg
(05:29 / Observers) Black_Irish: leah can u believe this guy
(05:37 / Observers) Leah_Dizon: iv seen worse
(05:42 / Observers) Tecnolife: oh no you're old wow what a nerd you play games oh no
(05:53 / Observers) Tecnolife: you don't work all day long
(05:54 / Observers) Tecnolife: that's terrible
(06:04 / Observers) Black_Irish: look at my stats..... i have no games
(06:10 / Observers) Black_Irish: tells u h ow much i play
(06:29 / Observers) VELOX_NEB: then why is all this so important to you?
(06:33 / Observers) VELOX_NEB: i mean, it's a game
(06:38 / Observers) Tecnolife: he's an alt
(06:39 / Observers) VELOX_NEB: have fun with it, y'know
(06:41 / Observers) Tecnolife: and he just got raped
(06:46 / Observers) VELOX_NEB: twice
(06:47 / Observers) Tecnolife: so now he has to make a new name
(06:50 / Observers) Leah_Dizon: idc bout any of this im emo/goth trash
(06:52 / Observers) VELOX_NEB: don't forget "raped twice"
(06:56 / Observers) Tecnolife: oh
(06:59 / Observers) Tecnolife: twice.
(07:00 / All) Sovereign-: so I'm guessing that's your clan's theme?
(07:02 / Observers) Black_Irish: tecnolife shut ur faggot ass up
(07:03 / Observers) VELOX_NEB: oh yeah leah?
(07:06 / All) erz: towers
(07:07 / Observers) VELOX_NEB: a/s/l?
(07:07 / All) erz: i guess
(07:11 / Observers) Black_Irish: u get off on a pic of guys ass
(07:16 / Observers) Tecnolife: fuck yeah dude
(07:19 / Observers) Leah_Dizon: im 65/f/Cuba
(07:20 / Observers) Tecnolife: stretched anus is my delight
(07:23 / Observers) VELOX_NEB: hell's yeah
(07:26 / Observers) VELOX_NEB: cuba eh?
(07:32 / Observers) VELOX_NEB: got any good cigar?
(07:32 / Observers) Leah_Dizon: sure
(07:34 / Observers) Tecnolife: whatever happened to elian
(07:35 / Observers) VELOX_NEB: cigars?
(07:42 / Observers) Black_Irish: oh so wiat
(07:44 / Observers) Tecnolife: the kid that came over from cuba
(07:45 / Observers) Black_Irish: tell me why im racist
(07:45 / Observers) VELOX_NEB: i'm not even paying attention to this game
(07:47 / Observers) Black_Irish: for my name
(07:49 / Observers) VELOX_NEB: it's hilarious
(08:00 / Observers) VELOX_NEB: o no erz
(08:02 / Observers) VELOX_NEB: run
(08:03 / Observers) VELOX_NEB: !!!!
(08:15 / Observers) VELOX_NEB: see if sov had towered
(08:23 / Observers) VELOX_NEB: none of this would have happened
(08:41 / Observers) Tecnolife: i dunno how you guys micro and watch your base at the same time
(08:44 / Observers) Tecnolife: do you hotkey buildings?
(08:48 / Observers) Black_Irish: no
(08:50 / Observers) VELOX_NEB: yeah
(08:51 / Observers) Tecnolife: not you faggot
(08:53 / Observers) Tecnolife: you fucking suck black
(08:56 / Observers) VELOX_NEB: gotta hotkey buildings
(08:58 / Observers) Leah_Dizon: fs looks like hes carring the olympic torch
(09:01 / Observers) Black_Irish: i dont
(09:04 / Observers) Tecnolife: thats why you lost?
(09:04 / Observers) VELOX_NEB: saves lots of time
(09:10 / Observers) VELOX_NEB: could be
(09:18 / Observers) VELOX_NEB: i key 3 to hall
(09:21 / Observers) VELOX_NEB: 4 to altar
(09:25 / Observers) VELOX_NEB: 5 to rax
(09:32 / Observers) VELOX_NEB: 6-7 to other production
(09:36 / Observers) VELOX_NEB: 0 is mill
(09:38 / Observers) Black_Irish: leah is holy whispering u
(09:50 / Observers) VELOX_NEB: 1 is main army (no heroes)
(09:51 / Observers) Leah_Dizon: yes
(09:56 / Observers) Black_Irish: wanna at with him?
(10:01 / Observers) Leah_Dizon: up
(10:04 / Observers) VELOX_NEB: 2 is ranged (no heroes)
(10:06 / Observers) Tecnolife: see that's my problem i think
(10:08 / Observers) Leah_Dizon: yup*
(10:13 / Observers) Black_Irish: now or ina minute?
(10:17 / Observers) Tecnolife: i grab just my main army in 1 and i rush off
(10:21 / Observers) Leah_Dizon: ian minute
(10:24 / Observers) Black_Irish: k
(10:25 / Observers) Tecnolife: ranged goes in 2 if i get too big
(10:25 / Observers) VELOX_NEB: that's a good way to lose tech
(10:35 / Observers) VELOX_NEB: well
(10:38 / Observers) VELOX_NEB: you're not bad
(10:46 / Observers) VELOX_NEB: but you should really hotkey
(10:49 / Observers) VELOX_NEB: makes life easier
(10:54 / Observers) Tecnolife: i suppose
(11:02 / Observers) Tecnolife: did orange get pillage?
(11:26 / Observers) VELOX_NEB: what was he doing with the gobs?
(11:30 / Observers) Tecnolife: iunno
(11:38 / Observers) Tecnolife: why didn't he heal his bear
(11:42 / Observers) Black_Irish: no micro what so ever
(11:53 / Observers) VELOX_NEB: bears out of mana
(11:57 / Observers) Tecnolife: ah
(12:05 / Observers) VELOX_NEB: man, he's go to research master
(12:17 / Observers) VELOX_NEB: still raped that army though
(12:21 / Observers) VELOX_NEB: o he did
(12:57 / Observers) Tecnolife: orb of venom is shit compared to purge
(13:07 / Observers) VELOX_NEB: i think it's good for ne
(13:14 / Observers) VELOX_NEB: more dps to already insane dps
(13:19 / Observers) Tecnolife: i dunno, i like free kills
(13:37 / Observers) VELOX_NEB: welp
(13:40 / Observers) VELOX_NEB: this is over
(13:54 / All) Sovereign-: sigh, I'm way too rusty
(13:58 / Observers) Tecnolife: he has bears in his base
(13:59 / All) Sovereign-: gg
(14:01 / All) erz: gg